 Dungeon Crawl Stone Soup version 0.19-a0-867-g949743d (webtiles) character file.

6272 4thArraOfDagon the Grappler (level 10, -3/72 HPs)
             Began as a Troll Earth Elementalist on July 3, 2016.
             Was a Believer of Uskayaw.
             Slain by a slime creature (16 damage)
             ... on level 11 of the Dungeon.
             The game lasted 00:19:00 (4363 turns).

4thArraOfDagon the Grappler (TrEE)                  Turns: 4363, Time: 00:19:01

Health: -3/72      AC: 13    Str: 18    XL:     10   Next: 63%
Magic:  10/13      EV:  6    Int: 14    God:    Uskayaw [**....]
Gold:   287        SH: 15    Dex:  8    Spells: 2 memorised, 12 levels left

rFire  + . .     SeeInvis .       - Unarmed
rCold  + + +     Gourm    +     a - +1 robe {rC+ rF+}
rNeg   . . .     Faith    .     i - +1 large shield
rPois  .         Spirit   .     L - +2 hat
rElec  .         Dismiss  .     (no cloak)
rCorr  .         Reflect  .     (gloves unavailable)
SustAt .         Harm     .     (boots unavailable)
MR     .....                    (no amulet)
Stlth  +.........               M - ring of protection from cold
                                h - +3 ring of protection

@: not resistant to hostile enchantments, very unstealthy
A: unfitting armour, claws 3, thin metallic scales 1, clumsy 1, cold resistance
1, fast metabolism 3, frail 1, gourmand, sense surroundings 1, regeneration 2,
shaggy fur 1, tough skin 2
a: Stomp, Line Pass, Renounce Religion


You were on level 11 of the Dungeon.
You worshipped Uskayaw.
Uskayaw was pleased with you.
You were very full.

You visited 1 branch of the dungeon, and saw 11 of its levels.

You collected 446 gold pieces.
You spent 159 gold pieces at shops.

Inventory:

Hand Weapons
 j - the +5 falchion of the Disturbing Moons {antimagic, Str+3, unknown}
   (You found it on level 4 of the Dungeon)

   It reduces the magical energy of the wielder, and disrupts the spells and
   magical abilities of those hit.
   Natural abilities and divine invocations are not affected.
   It affects your strength (+3).
 l - a +4 scimitar of flaming
Armour
 a - a +1 robe of resistance (worn)
 c - a +0 robe
 i - a +1 large shield (worn)
 p - a +0 robe
 y - the +1 robe of Omission {Int+3}
   (You bought it in a shop on level 7 of the Dungeon)

   It affects your intelligence (+3).
 L - a +2 hat (worn)
Jewellery
 h - a +3 ring of protection (left claw)
 x - a +3 ring of intelligence
 K - an uncursed ring of flight
 M - a ring of protection from cold (right claw)
Wands
 o - a wand of flame (25/48)
 r - a wand of digging (12/24)
 v - a wand of random effects (28/48)
 C - a wand of acid (4/15)
 E - a wand of confusion (39/48)
Scrolls
 b - 2 scrolls of enchant armour
 f - 4 scrolls of teleportation
 g - a scroll of noise {unknown}
 k - 3 scrolls of remove curse
 n - 2 scrolls of fear {unknown}
 s - 2 scrolls of magic mapping {unknown}
 t - 2 scrolls of random uselessness {unknown}
 A - a scroll of recharging {unknown}
 B - 2 scrolls of fog {unknown}
 D - 2 scrolls of enchant weapon {unknown}
 G - a scroll of vulnerability {unknown}
 H - a scroll of immolation {unknown}
Potions
 m - 3 potions of might
 q - 2 potions of flight
 u - a potion of resistance {unknown}
 z - a potion of cure mutation
 F - a potion of lignification {unknown}
 I - a potion of brilliance {unknown}
 J - a potion of ambrosia {unknown}
Books
 e - a book of Geomancy

   Spells                             Type                      Level
   a - Sandblast                      Earth                        1
   b - Passwall                       Transmutation/Earth          2
   c - Stone Arrow                    Conjuration/Earth            3
   d - Petrify                        Transmutation/Earth          4
   e - Lee's Rapid Deconstruction     Earth                        5
Comestibles
 d - 9 bread rations
 w - 2 meat rations


   Skills:
 - Level 1.5 Dodging
 - Level 1.1 Stealth
 + Level 5.3 Shields
 * Level 10.0 Unarmed Combat
 + Level 3.0 Spellcasting
 * Level 5.0 Transmutations
 * Level 6.3 Earth Magic
 + Level 3.2 Invocations


You had 12 spell levels left.
You knew the following spells:

 Your Spells              Type           Power        Failure   Level  Hunger
a - Sandblast             Erth           ###...       14%         1    #......
b - Passwall              Tmut/Erth      ###.......   30%         2    ##.....


Dungeon Overview and Level Annotations

Branches:
Dungeon (11/15)
 Temple: D:4-7         Lair: D:8-11         Orc: D:9-12

Altars:
Ashenzari
Cheibriados
Fedhas
Kikubaaqudgha
Makhleb
Nemelex Xobeh
Pakellas
Ru
Uskayaw
Xom
Yredelemnul

Shops:
D:4 :   D:7 [


Innate Abilities, Weirdness & Mutations

You are too large for most types of armour.
You have claws for hands.
Your metabolism is lightning-fast.
You like to eat raw meat.
You heal very quickly.
You are covered in fur. (AC +1)
You have very tough skin. (AC +2)
You are partially covered in thin metallic scales. (AC +2)
You are clumsy. (Dex -2)
Your flesh is cold resistant. (rC+)
You are frail. (-10% HP)
You passively map a small area around you.


Message History

You mangle the slime creature!!
The slime creature is severely wounded.
You block the slime creature's attack. The slime creature closely misses you.
You scratch the slime creature.
The slime creature is severely wounded.
You block the slime creature's attack. x2
You scratch the slime creature.
The slime creature is almost dead.
The slime creature hits you. The slime creature hits you!
* * * LOW HITPOINT WARNING * * *
You are too injured to fight recklessly!
You are too injured to fight recklessly!
You are too injured to fight recklessly!
Unknown command.
You stomp with the beat, sending a shockwave through the revelers around you!
The slime creature is almost dead.
The slime creature is moderately wounded.
You feel somewhat less full. The slime creature barely misses you.
The slime creature hits you!
You die...

,, *
##..########..# *
,..............$
...........J.J. *
* * **#.># * #<.#
* #..# . * *
#######..#####..*
*
.......JJ.......
, ,
.......@........
#.........######
* #.........#
#.........# * *,
#.........# **
............, ,
.............. ,
.#######..####..
#..# .


You could see 2 slime creatures.

Vanquished Creatures
  Erica (D:8)
  A hill giant (D:8)
  A centaur zombie (D:11)
  A two-headed ogre (D:10)
  3 slime creatures (D:8)
  A spriggan (D:7)
  3 yaks (D:10)
  A hippogriff (D:8)
  A hungry ghost (D:7)
  2 sky beasts
  A black bear (D:7)
  2 ice beasts
  5 orc warriors
  A necrophage (D:6)
  An ogre (D:7)
  4 centaurs
  A crocodile (D:9)
  3 giant frogs (D:7)
  A gnoll sergeant (D:8)
  3 scorpions
  5 killer bees (D:9)
  A howler monkey (D:6)
  2 crimson imps
  A giant frog zombie (D:10)
  5 hounds
  5 orc priests (D:9)
  3 jellies
  2 giant frog skeletons
  Natasha (twice) (D:4)
  4 orc wizards
  An iguana (D:6)
  7 worker ants
  A worker ant zombie (D:8)
  4 gnolls (D:8)
  7 adders
  2 shadow imps (D:6)
  3 adder skeletons
  A worm (D:3)
  A dart slug (D:3)
  A giant gecko (D:7)
  16 orcs
  A ball python (D:6)
  10 bats
  2 giant cockroaches
  A hobgoblin (D:1)
  4 jackals (D:4)
  A quokka (D:10)
  A giant newt (D:7)
  A jackal skeleton (D:5)
  A kobold (D:1)
  17 rats
150 creatures vanquished.

Vanquished Creatures (others)
  9 fungi (D:9)
  A plant (D:9)
10 creatures vanquished.

Grand Total: 160 creatures vanquished

Notes
Turn   | Place    | Note
-------+----------+-------------------------------------------
     0 | D:1      | 4thArraOfDagon the Troll Earth Elementalist began the quest for the Orb.
     0 | D:1      | Reached XP level 1. HP: 16/16 MP: 1/1
     0 | D:1      | TREE
    73 | D:1      | Reached skill level 1 in Unarmed Combat
   223 | D:3      | Reached XP level 2. HP: 24/24 MP: 2/2
   255 | D:3      | Reached skill level 2 in Unarmed Combat
   366 | D:4      | Noticed Natasha
   377 | D:4      | Killed Natasha
   377 | D:4      | Reached skill level 3 in Unarmed Combat
   377 | D:4      | Reached XP level 3. HP: 4/31 MP: 3/3
   398 | D:4      | Noticed Natasha
   410 | D:4      | Killed Natasha
   410 | D:4      | Reached XP level 4. HP: 31/39 MP: 4/4
   461 | D:4      | Reached skill level 4 in Unarmed Combat
   464 | D:4      | Found Ufeto's Book Boutique.
   480 | D:4      | Got a twisted falchion
   482 | D:4      | Noticed a sky beast
   521 | D:4      | Killed a sky beast
   521 | D:4      | Reached skill level 1 in Shields
   521 | D:4      | Reached skill level 5 in Unarmed Combat
   521 | D:4      | Reached XP level 5. HP: 36/45 MP: 5/5
   555 | D:5      | Entered Level 5 of the Dungeon
   605 | D:5      | Reached XP level 6. HP: 42/53 MP: 6/6
   736 | D:5      | Found a blossoming altar of Fedhas.
   779 | D:5      | Found a sacrificial altar of Ru.
   783 | D:5      | Found a basalt altar of Yredelemnul.
   825 | D:5      | Reached skill level 6 in Unarmed Combat
  1021 | D:6      | You fall through a shaft!
  1048 | D:7      | Reached XP level 7. HP: 49/59 MP: 7/7
  1192 | D:7      | Reached skill level 7 in Unarmed Combat
  1214 | D:7      | Noticed a hungry ghost
  1240 | D:7      | Killed a hungry ghost
  1336 | D:7      | Learned a level 2 spell: Passwall
  1348 | D:7      | Noticed a spriggan baker
  1353 | D:7      | Killed a spriggan baker
  1353 | D:7      | Reached skill level 1 in Transmutations
  1353 | D:7      | Reached XP level 8. HP: 62/67 MP: 7/9
  1472 | D:7      | Found Giyfa's Antique Armour Shoppe.
  1481 | D:7      | Bought a faintly humming robe for 159 gold pieces
  1493 | D:7      | Identified the +1 robe of Omission {Int+3} (You bought it in a shop on level 7 of the Dungeon)
  1613 | D:6      | Reached skill level 8 in Unarmed Combat
  1759 | D:6      | Found an oddly glowing altar of Pakellas.
  1785 | D:5      | Found a hide-covered altar of Uskayaw.
  1785 | D:5      | Found an ancient bone altar of Kikubaaqudgha.
  1792 | D:5      | Became a worshipper of Uskayaw the Reveler
  1793 | D:5      | USKAS
  1841 | D:6      | Reached * piety under Uskayaw
  1871 | D:6      | Reached ** piety under Uskayaw
  2076 | D:8      | Reached *** piety under Uskayaw
  2093 | D:8      | Found a sparkling altar of Nemelex Xobeh.
  2140 | D:8      | Noticed a hill giant
  2159 | D:8      | Killed a hill giant
  2159 | D:8      | Reached skill level 1 in Invocations
  2159 | D:8      | Reached XP level 9. HP: 70/73 MP: 9/11
  2553 | D:8      | Found a burning altar of Makhleb.
  2554 | D:8      | Found a shimmering altar of Xom.
  2556 | D:8      | Reached skill level 9 in Unarmed Combat
  2807 | D:8      | Noticed Erica
  2842 | D:8      | Killed Erica
  2842 | D:8      | Reached skill level 5 in Earth Magic
  3081 | D:9      | Found a snail-covered altar of Cheibriados.
  3183 | D:8      | Reached XP level 10. HP: 47/81 MP: 11/13
  3355 | D:9      | Gained mutation: You are frail. (-10% HP) [potion of mutation]
  3355 | D:9      | Gained mutation: You passively map a small area around you. [potion of mutation]
  3355 | D:9      | Gained mutation: You are partially covered in thin metallic scales. (AC +2) [potion of mutation]
  3373 | D:9      | Reached **** piety under Uskayaw
  3637 | D:9      | Found a shattered altar of Ashenzari.
  3743 | D:10     | Entered Level 10 of the Dungeon
  3848 | D:10     | Reached skill level 5 in Shields
  3949 | D:10     | Gained mutation: Your flesh is cold resistant. (rC+) [mutagenic meat]
  3952 | D:10     | Gained mutation: Your muscles are strong. (Str +2) [mutagenic meat]
  3958 | D:10     | Lost mutation: Your muscles are strong. (Str +2) [mutagenic meat]
  3961 | D:10     | Gained mutation: You are clumsy. (Dex -2) [mutagenic meat]
  4331 | D:11     | Reached skill level 10 in Unarmed Combat
  4331 | D:11     | Reached skill level 5 in Transmutations
  4363 | D:11     | Slain by a slime creature

Vault maps used:
D:1:      dpeg_arrival_tiny_c
D:2:      grunt_temple_overflow_open, serial_glass, glass_columns_c,
          glass_columns_a, due_unseen_surprise, minmay_strange_pillars
D:3:      uniq_terence
D:4:      marbit_many_paths, serial_shops, nicolae_shop_behind_doors,
          bh_walls_and_bars, uniq_natasha, uniq_eustachio
D:5:      kennysheep_mini, nicolae_overflow_hidden_temple, first_bread,
          kennysheep_generic_room_12
D:6:      grunt_pakellas_mercury
D:7:      serial_shops, shop, the_bakery
D:8:      grunt_temple_overflow_champion_of_chaos, lemuel_doored_altar,
          uniq_erica
D:9:      nicolae_overflow_crystal_walls, grunt_lair_entry_orc_guard_hut,
          ashenzari_altar_1
D:10:     eino_tiny_chamber
D:11:     orc_0_dummy

Skill      XL: |  1  2  3  4  5  6  7  8  9 10 |
---------------+-------------------------------+-----
Unarmed Combat | 1 3 5 6 7 8 9 10 | 10.0
Shields        | 1 2 3 4 5 |  5.3
Transmutations | 1 3 4 5 |  5.0
Earth Magic    | 3 4 5 6 |  6.3
Spellcasting   | 2 3 |  3.0
Invocations    | 1 2 3 |  3.2
Dodging        | |  1.5
Stealth        | |  1.1

Action                   |  1- 3 |  4- 6 |  7- 9 | 10-12 || total
-------------------------+-------+-------+-------+-------++-------
Melee: Unarmed           |    53 |    83 |   226 |   261 ||   623
       Punch             |     1 |       |       |       ||     1
Throw: Throwing net      |       |       |     1 |       ||     1
Invok: Stomp             |       |       |       |     5 ||     5
Evoke: Wand              |       |       |     2 |       ||     2
  Use: Scroll            |       |       |     8 |     2 ||    10
       Potion            |       |       |     5 |     1 ||     6
 Stab: Sleeping          |     2 |       |     1 |       ||     3
       Paralysed         |       |       |     5 |    11 ||    16
  Eat: Chunk             |     7 |     6 |    25 |    17 ||    55
       Bread ration      |       |       |     1 |       ||     1
Armor: Robe              |    22 |    27 |    44 |    95 ||   188
Dodge: Dodged            |    18 |    15 |    24 |    51 ||   108
Block: Large shield      |       |    32 |   137 |   233 ||   402
